 Dungeon Crawl Stone Soup version 0.31-a0-698-g4a7cf283bb (webtiles) character file.

Game seed: 11639385502709391329

17789 qw the Marksgargoyle (level 12, -3/77 HPs)
             Began as a Gargoyle Hunter on Sept 7, 2023.
             Was an Elder of Okawaru.
             Slain by a boulder beetle (9 damage)
             ... on level 5 of the Lair of Beasts.
             The game lasted 00:04:23 (9302 turns).

qw the Marksgargoyle (Gargoyle Hunter)              Turns: 9302, Time: 00:04:24

Health: -3/77      AC: 22    Str: 16    XL:     12   Next: 51%
Magic:  17/18      EV: 17    Int: 10    God:    Okawaru [****..]
Gold:   379        SH:  0    Dex: 17    Spells: 11/11 levels left

rFire   . . .        Y - +1 arbalest
rCold   . . .        (shield currently unavailable)
rNeg    + . .        i - +0 troll leather armour {Pargi}
rPois   inf          e - +1 helmet
rElec   +            r - +0 cloak
rCorr   .            (no gloves)
SInv    +            g - +0 pair of boots
Will    .....        (no amulet)
Stlth   +++          j - ring of see invisible
HPRegen 1.12/turn    a - +4 ring of protection
MPRegen 0.16/turn

%: no passive effects
@: heroic
A: sickness immunity, AC +8, negative energy resistance 1, electricity
resistance, torment resistance 1, petrification resistance
a: Renounce Religion, Heroism, Finesse


You were on level 5 of the Lair of Beasts.
You worshipped Okawaru.
Okawaru was greatly pleased with you.
You visited 3 branches of the dungeon, and saw 13 of its levels.

You collected 495 gold pieces.
You spent 116 gold pieces at shops.


Innate Abilities, Weirdness & Mutations

You are immune to sickness and miasma.
Your stone body is resilient. (AC +8)
You are immune to poison.
You resist negative energy. (rN+)
You are resistant to electric shocks. (rElec)
You are resistant to unholy torment.
You are immune to petrification.


   Skills:
 - Level 10.1(15.1) Fighting
 + Level 15.1(20.1) Ranged Weapons
 - Level 4.2(9.2) Armour
 - Level 5.0(10.0) Dodging
 - Level 1.1(6.1) Stealth
 + Level 8.8 Invocations


You had 11 spell levels left.
You didn't know any spells.
Your spell library was empty.

Inventory:

Hand Weapons
 Y - a +1 arbalest (weapon)
Armour
 e - a +1 helmet (worn)
 g - a +0 pair of boots (worn)
 i - a +0 troll leather armour (worn) {Pargi}
 k - a +0 robe of resistance
 m - a +2 troll leather armour {Snorg}
 r - a +0 cloak (worn)
Jewellery
 a - a +4 ring of protection (right hand)
 j - a ring of see invisible (left hand)
 l - a ring of fire
 o - a +2 ring of dexterity
 q - a ring of ice
Scrolls
 f - 4 scrolls of identify
Potions
 b - 2 potions of haste
 c - 2 potions of might
 d - 5 potions of curing
 n - a potion of cancellation
 p - a potion of enlightenment
 t - a potion of mutation

Dungeon Overview and Level Annotations

Branches:
Dungeon (8/15)             Temple (1/1) D:7            Lair (3/5) D:8
 Shoals (0/4) Lair:2       Spider (0/4) Lair:3

Altars:
Ashenzari
Cheibriados
Dithmenos
Elyvilon
Fedhas
Gozag
Hepliaklqana
Kikubaaqudgha
Makhleb
Nemelex Xobeh
Okawaru
Qazlal
Ru
Sif Muna
Trog
Uskayaw
Vehumet
Wu Jian
Xom
Yredelemnul
Zin
The Shining One

Shops:
D:4 !   D:6 =

Annotations:
D:3 2 transporters, qw's ghost, amateur GrHs


Message History

The komodo dragon is engulfed in calcifying dust.
The boulder beetle barely misses you.
The boulder beetle leaps!
The catoblepas closely misses you.
The komodo dragon is engulfed in calcifying dust.
You shoot a bolt. The bolt barely misses the catoblepas.
The boulder beetle bites you.
The boulder beetle curls into a ball and begins rolling!
The catoblepas breathes a plume of calcifying dust at you.
The blast of calcifying dust hits you but does no damage.
You shoot a bolt. The bolt barely misses the catoblepas.
The boulder beetle barely misses you. The catoblepas barely misses you.
You shoot a bolt. The bolt hits the catoblepas.
The catoblepas is lightly wounded.
The boulder beetle completely misses you.
The catoblepas gores you!
You shoot a bolt.
The bolt hits the catoblepas but does no damage.
The catoblepas is lightly wounded.
The boulder beetle misses you. The catoblepas closely misses you.
The boulder beetle stops rolling and uncurls.
You shoot a bolt. The bolt hits the catoblepas!
The catoblepas is lightly wounded.
The boulder beetle misses you.
The catoblepas gores you but does no damage.
You shoot a bolt.
The bolt hits the catoblepas but does no damage.
The catoblepas is lightly wounded.
The boulder beetle bites you!
The catoblepas gores you but does no damage.
You shoot a bolt.
The bolt hits the catoblepas but does no damage.
The catoblepas is lightly wounded.
The komodo dragon is no longer petrified.
The boulder beetle misses you. The komodo dragon bites you!
The catoblepas breathes a plume of calcifying dust at you.
The blast of calcifying dust hits you but does no damage.
You shoot a bolt. The bolt hits the catoblepas!
The catoblepas is moderately wounded.
The boulder beetle bites you!
You die...

.# ...### ##.....
#....¤.###
..8......###
......8¤...######
...8....%........
........8@.......
.8......BlY....##
.........B.....#
..........#....#
...##.....#......
.. #....P.##.....
........? .....
......?.........
.#B.B........


You could see a catoblepas, 2 boulder beetles and a komodo dragon.

Vanquished Creatures
  Snorg (Lair:3)
  3 hydras
  A two-headed ogre (D:7)
  2 catoblepae
  3 wolf spiders
  A manticore (Lair:5)
  4 cane toads
  Maggie (D:6)
  A rime drake (Lair:1)
  3 komodo dragons
  A polar bear (Lair:2)
  Grinder (D:3)
  Prince Ribbit (D:6)
  19 yaks
  A wyvern (Lair:2)
  A basilisk (Lair:1)
  Edmund (D:6)
  5 water moccasins
  3 orc warriors (D:7)
  Pargi (D:3)
  2 ice beasts
  2 sky beasts (D:7)
  12 wolves
  2 centaurs
  2 ogres (D:5)
  A phantom (D:7)
  A kobold brigand (D:7)
  4 bullfrogs
  2 scorpions (D:5)
  7 wights
  38 killer bees
  A howler monkey (D:4)
  6 hounds
  2 orc priests (D:7)
  3 sleepcaps
  9 orc wizards
  Robin (D:4)
  8 adders
  A shadow imp (D:6)
  13 dart slugs
  42 orcs
  4 bats
  5 endoplasms
  4 giant cockroaches
  14 goblins
  6 hobgoblins
  10 kobolds
  5 quokkas
  7 ball pythons
  A frilled lizard (D:2)
  4 rats
273 creatures vanquished.

Notes
Turn   | Place    | Note
-------+----------+-------------------------------------------
     0 | D:1      | qw the Gargoyle Hunter began the quest for the Orb.
     0 | D:1      | Reached XP level 1. HP: 12/12 MP: 1/1
     0 | D:1      | 0 ||| qw: Version: 0.3-a-76-g4403597
     0 | D:1      | 0 ||| qw: Game counter: 383
     0 | D:1      | 0 ||| qw: Melee chars always use a shield: true
     0 | D:1      | 0 ||| qw: God list: Okawaru
     0 | D:1      | 0 ||| qw: Allow faded altars: false
     0 | D:1      | 0 ||| qw: Do Orc after clearing Dungeon:15 true
     0 | D:1      | 0 ||| qw: Do second Lair branch before Depths: true
     0 | D:1      | 0 ||| qw: Lair rune preference: random
     0 | D:1      | 0 ||| qw: Goals: Normal
     0 | D:1      | 0 ||| PLANNING D:1-11
    66 | D:1      | Reached XP level 2. HP: 17/17 MP: 2/2
   386 | D:1      | Reached XP level 3. HP: 21/21 MP: 3/3
   408 | D:1      | Reached skill level 5 in Ranged Weapons
   794 | D:1      | 794 ||| UPGRADING to +0 pair of boots.
   799 | D:1      | 799 ||| UPGRADING to ring of see invisible.
   800 | D:1      | 800 ||| READING scroll labelled CIOPEO MEYBBU.
   801 | D:1      | 801 ||| READING 2 scrolls labelled TAOHIRU CUNLE.
   802 | D:1      | 802 ||| READING scroll labelled MOENKA SYSKIXI.
   805 | D:1      | 805 ||| DRINKING 2 cyan potions.
   806 | D:1      | 806 ||| DROPPING scroll of butterflies.
  1151 | D:2      | Reached skill level 3 in Fighting
  1176 | D:2      | Reached XP level 4. HP: 28/28 MP: 4/4
  1271 | D:2      | 1271 ||| UPGRADING to +0 ring mail.
  1281 | D:2      | 1281 ||| DROPPING +0 leather armour.
  1282 | D:2      | 1282 ||| READING 4 scrolls of identify.
  1282 | D:2      | 1282 ||| IDENTIFYING clear potion
  1283 | D:2      | 1283 ||| READING 3 scrolls of identify.
  1283 | D:2      | 1283 ||| IDENTIFYING dark potion
  1284 | D:2      | 1284 ||| READING 2 scrolls of identify.
  1284 | D:2      | 1284 ||| IDENTIFYING fuming dark potion
  1285 | D:2      | 1285 ||| DROPPING potion of degeneration.
  1376 | D:3      | Found a transporter.
  1379 | D:3      | Noticed qw's ghost (amateur GrHs)
  1788 | D:3      | Noticed Pargi
  1805 | D:3      | Killed Pargi
  1806 | D:3      | Reached skill level 3 in Armour
  1806 | D:3      | Reached XP level 5. HP: 20/32 MP: 5/5
  1868 | D:3      | Noticed Grinder
  1872 | D:3      | Paralysed by Grinder for 5 turns
  1880 | D:3      | Paralysed by Grinder for 5 turns
  1887 | D:3      | HP: 8/32 [Grinder (1)]
  1888 | D:3      | 1888 ||| DRINKING potion of heal wounds.
  1892 | D:3      | Killed Grinder
  1893 | D:3      | Reached skill level 6 in Ranged Weapons
  1893 | D:3      | Reached XP level 6. HP: 28/37 MP: 6/6
  1953 | D:3      | Found a transporter.
  1991 | D:3      | Found a faded altar of an unknown god.
  2370 | D:3      | 2370 ||| UPGRADING to +0 troll leather armour {Pargi}.
  2380 | D:3      | 2380 ||| DROPPING +0 ring mail.
  2381 | D:3      | 2381 ||| READING scroll labelled SUPAMO RAEFOUM.
  2382 | D:3      | 2382 ||| READING 2 scrolls labelled SOAKAT NEVUPP.
  2383 | D:3      | 2383 ||| READING scroll of enchant weapon.
  2383 | D:3      | 2383 ||| ENCHANTING +1 shortbow.
  2439 | D:4      | Found Walysam's Distillery.
  2443 | D:4      | 2443 ||| BUYING potion of curing (33 gold).
  2443 | D:4      | Bought a potion of curing for 33 gold pieces
  2443 | D:4      | 2443 ||| SHOPLISTING potion of enlightenment (55 gold, have
                  | 49).
  2443 | D:4      | 2443 ||| SHOPLISTING potion of haste (110 gold, have 49).
  2443 | D:4      | 2443 ||| BUYING potion of might (44 gold).
  2443 | D:4      | Bought a potion of might for 44 gold pieces
  2443 | D:4      | 2443 ||| SHOPLISTING potion of mutation (88 gold, have 5).
  2443 | D:4      | 2443 ||| SHOPLISTING potion of resistance (110 gold, have
                  | 5).
  2464 | D:4      | Noticed Robin
  2485 | D:4      | Killed Robin
  2676 | D:4      | 2676 ||| SWAPPING to +0 arbalest.
  2677 | D:4      | 2677 ||| DROPPING +2 shortbow.
  2751 | D:4      | Reached XP level 7. HP: 43/43 MP: 7/7
  3182 | D:4      | Reached skill level 7 in Ranged Weapons
  3188 | D:4      | 3188 ||| UPGRADING to +0 helmet.
  3193 | D:4      | 3193 ||| READING 2 scrolls labelled WOSCHIL JANOPP.
  3194 | D:4      | 3194 ||| READING 3 scrolls of identify.
  3194 | D:4      | 3194 ||| IDENTIFYING pink potion
  3195 | D:4      | 3195 ||| READING 2 scrolls of identify.
  3195 | D:4      | 3195 ||| IDENTIFYING silvery potion
  3196 | D:4      | 3196 ||| DROPPING potion of ambrosia.
  3197 | D:4      | 3197 ||| DROPPING scroll of noise.
  3205 | D:5      | Entered Level 5 of the Dungeon
  3206 | D:5      | 3206 ||| Stepping ~*~*~tactically~*~*~ (outnumbered).
  3207 | D:5      | 3207 ||| Stepping ~*~*~tactically~*~*~ (outnumbered).
  3208 | D:5      | 3208 ||| Stepping ~*~*~tactically~*~*~ (outnumbered).
  3211 | D:5      | 3211 ||| STAIRDANCE
  3234 | D:5      | 3234 ||| Stepping ~*~*~tactically~*~*~ (outnumbered).
  3240 | D:5      | 3240 ||| Stepping ~*~*~tactically~*~*~ (outnumbered).
  3242 | D:5      | 3242 ||| Stepping ~*~*~tactically~*~*~ (outnumbered).
  3246 | D:5      | 3246 ||| Stepping ~*~*~tactically~*~*~ (outnumbered).
  3250 | D:5      | 3250 ||| Stepping ~*~*~tactically~*~*~ (outnumbered).
  3407 | D:5      | Reached skill level 8 in Ranged Weapons
  3415 | D:5      | Reached XP level 8. HP: 32/48 MP: 8/8
  3537 | D:5      | Found the +5 Force Lance {heavy, knockback}
  4030 | D:5      | 4030 ||| READING scroll of enchant weapon.
  4030 | D:5      | 4030 ||| ENCHANTING +0 arbalest.
  4032 | D:5      | 4032 ||| Stepping ~*~*~tactically~*~*~ (outnumbered).
  4288 | D:5      | 4288 ||| READING scroll labelled CIUJIU HIUPIDUHOAT.
  4289 | D:5      | 4289 ||| READING scroll labelled IMMIPP GUESOS.
  4328 | D:6      | Noticed Prince Ribbit
  4333 | D:6      | 4333 ||| STAIRDANCE
  4337 | D:6      | 4337 ||| STAIRDANCE
  4342 | D:6      | 4342 ||| STAIRDANCE
  4359 | D:6      | 4359 ||| STAIRDANCE
  4385 | D:6      | Killed Prince Ribbit
  4386 | D:6      | Reached skill level 9 in Ranged Weapons
  4404 | D:6      | Found Isicliate's One-of-a-Kind Rings.
  4412 | D:6      | 4412 ||| BUYING +2 ring of dexterity (39 gold).
  4412 | D:6      | Bought a +2 ring of dexterity for 39 gold pieces
  4412 | D:6      | 4412 ||| SHOPLISTING +4 ring of strength (195 gold, have
                  | 57).
  4412 | D:6      | 4412 ||| SHOPLISTING ring "Casmuqafyn" {*Slow rElec rPois
                  | Int-3 Dex+6} (549 gold, have 57).
  4578 | D:6      | Reached skill level 6 in Fighting
  4704 | D:6      | 4704 ||| Stepping ~*~*~tactically~*~*~ (retreating).
  4716 | D:6      | Reached skill level 10 in Ranged Weapons
  4716 | D:6      | Reached XP level 9. HP: 16/55 MP: 9/9
  4755 | D:6      | Found a hazy altar of Hepliaklqana.
  4899 | D:6      | Noticed Edmund
  4904 | D:6      | Killed Edmund
  4905 | D:6      | Reached skill level 3 in Dodging
  4932 | D:6      | Noticed Maggie
  4941 | D:6      | HP: 9/55 [constriction (6)]
  4942 | D:6      | 4942 ||| READING scroll of teleportation.
  4943 | D:6      | 4943 ||| DRINKING 3 potions of heal wounds.
  5004 | D:6      | Killed Maggie
  5177 | D:6      | 5177 ||| UPGRADING to +2 ring of dexterity.
  5178 | D:6      | 5178 ||| READING scroll labelled JITOAH VAEGIA.
  5279 | D:6      | 5279 ||| READING scroll labelled GARGHE JEGY.
  5336 | D:7      | Found a staircase to the Ecumenical Temple.
  5337 | D:7      | 5337 ||| PLANNING TEMPLE
  5344 | Temple   | Entered the Ecumenical Temple
  5345 | Temple   | 5345 ||| PLANNING OKAWARU WORSHIP
  5358 | Temple   | Became a worshipper of Warmaster Okawaru
  5359 | Temple   | 5359 ||| PLANNING D:1-11
  5605 | D:7      | Noticed a two-headed ogre
  5611 | D:7      | Killed a two-headed ogre
  5611 | D:7      | Reached * piety under Okawaru
  5612 | D:7      | Reached skill level 11 in Ranged Weapons
  5699 | D:7      | Reached skill level 1 in Invocations
  5699 | D:7      | Reached XP level 10. HP: 63/63 MP: 10/10
  6009 | D:7      | 6009 ||| Stepping ~*~*~tactically~*~*~ (outnumbered).
  6012 | D:7      | 6012 ||| INVOKING Heroism.
  6027 | D:7      | 6027 ||| INVOKING Heroism.
  6092 | D:7      | 6092 ||| Stepping ~*~*~tactically~*~*~ (outnumbered).
  6094 | D:7      | 6094 ||| INVOKING Heroism.
  6101 | D:7      | Reached skill level 3 in Invocations
  6238 | D:7      | 6238 ||| UPGRADING to +4 ring of protection.
  6240 | D:7      | 6240 ||| READING scroll labelled DAFADGH VUTU.
  6241 | D:7      | 6241 ||| READING 5 scrolls of identify.
  6241 | D:7      | 6241 ||| IDENTIFYING sedimented red potion
  6282 | D:8      | 6282 ||| Stepping ~*~*~tactically~*~*~ (retreating).
  6283 | D:8      | 6283 ||| Stepping ~*~*~tactically~*~*~ (retreating).
  6284 | D:8      | 6284 ||| Stepping ~*~*~tactically~*~*~ (retreating).
  6285 | D:8      | 6285 ||| Stepping ~*~*~tactically~*~*~ (retreating).
  6286 | D:8      | 6286 ||| Stepping ~*~*~tactically~*~*~ (retreating).
  6475 | D:8      | Reached ** piety under Okawaru
  6476 | D:8      | Reached skill level 12 in Ranged Weapons
  6508 | D:8      | Found a staircase to the Lair.
  7150 | D:8      | 7150 ||| READING scroll of enchant armour.
  7150 | D:8      | 7150 ||| ENCHANTING +0 helmet.
  7161 | D:8      | 7161 ||| PLANNING LAIR
  7161 | D:8      | 7161 ||| UPGRADING to +0 cloak.
  7166 | D:8      | 7166 ||| DROPPING scarf of invisibility.
  7167 | D:8      | 7167 ||| READING 4 scrolls of identify.
  7167 | D:8      | 7167 ||| IDENTIFYING fuming black potion
  7250 | Lair:1   | Entered Level 1 of the Lair of Beasts
  7286 | Lair:1   | 7286 ||| INVOKING Heroism.
  7329 | Lair:1   | 7329 ||| Stepping ~*~*~tactically~*~*~ (retreating).
  7334 | Lair:1   | 7334 ||| Stepping ~*~*~tactically~*~*~ (retreating).
  7335 | Lair:1   | 7335 ||| Stepping ~*~*~tactically~*~*~ (retreating).
  7381 | Lair:1   | 7381 ||| INVOKING Heroism.
  7403 | Lair:1   | 7403 ||| INVOKING Heroism.
  7462 | Lair:1   | 7462 ||| INVOKING Heroism.
  7477 | Lair:1   | 7477 ||| INVOKING Heroism.
  7512 | Lair:1   | Reached skill level 13 in Ranged Weapons
  7528 | Lair:1   | 7528 ||| INVOKING Heroism.
  7592 | Lair:1   | Noticed a cane toad
  7593 | Lair:1   | 7593 ||| INVOKING Heroism.
  7595 | Lair:1   | 7595 ||| RETREATING.
  7601 | Lair:1   | 7601 ||| Stepping ~*~*~tactically~*~*~ (outnumbered).
  7603 | Lair:1   | Killed a cane toad
  7604 | Lair:1   | Reached skill level 9 in Fighting
  7604 | Lair:1   | Reached XP level 11. HP: 71/71 MP: 12/14
  7643 | Lair:1   | 7643 ||| INVOKING Heroism.
  7692 | Lair:1   | 7692 ||| RETREATING.
  7693 | Lair:1   | 7693 ||| Stepping ~*~*~tactically~*~*~ (retreating).
  7694 | Lair:1   | 7694 ||| Stepping ~*~*~tactically~*~*~ (retreating).
  7695 | Lair:1   | 7695 ||| Stepping ~*~*~tactically~*~*~ (retreating).
  7696 | Lair:1   | 7696 ||| Stepping ~*~*~tactically~*~*~ (retreating).
  7697 | Lair:1   | 7697 ||| Stepping ~*~*~tactically~*~*~ (retreating).
  7698 | Lair:1   | 7698 ||| Stepping ~*~*~tactically~*~*~ (retreating).
  7701 | Lair:1   | 7701 ||| Stepping ~*~*~tactically~*~*~ (retreating).
  7704 | Lair:1   | 7704 ||| Stepping ~*~*~tactically~*~*~ (retreating).
  7705 | Lair:1   | 7705 ||| Stepping ~*~*~tactically~*~*~ (retreating).
  7706 | Lair:1   | 7706 ||| Stepping ~*~*~tactically~*~*~ (retreating).
  7708 | Lair:1   | Reached *** piety under Okawaru
  7712 | Lair:1   | 7712 ||| INVOKING Heroism.
  7729 | Lair:1   | HP: 16/71 [cane toad (7)]
  7730 | Lair:1   | 7730 ||| READING scroll of teleportation.
  7731 | Lair:1   | 7731 ||| DRINKING 2 potions of heal wounds.
  7734 | Lair:1   | Reached skill level 14 in Ranged Weapons
  7830 | Lair:1   | Noticed a wolf spider
  7831 | Lair:1   | 7831 ||| Stepping ~*~*~tactically~*~*~ (retreating).
  7832 | Lair:1   | 7832 ||| Stepping ~*~*~tactically~*~*~ (retreating).
  7833 | Lair:1   | 7833 ||| Stepping ~*~*~tactically~*~*~ (retreating).
  7834 | Lair:1   | 7834 ||| Stepping ~*~*~tactically~*~*~ (retreating).
  7835 | Lair:1   | 7835 ||| INVOKING Heroism.
  7839 | Lair:1   | Killed a wolf spider
  7849 | Lair:1   | Noticed a wolf spider
  7860 | Lair:1   | Killed a wolf spider
  7906 | Lair:1   | Reached **** piety under Okawaru
  7929 | Lair:1   | 7929 ||| INVOKING Heroism.
  7941 | Lair:1   | Received a gift from Okawaru
  8029 | Lair:1   | Found a broken altar of Ashenzari.
  8192 | Lair:1   | 8192 ||| INVOKING Heroism.
  8247 | Lair:1   | 8247 ||| READING scroll labelled WAAF LOTOVU.
  8252 | Lair:2   | 8252 ||| INVOKING Heroism.
  8280 | Lair:2   | 8280 ||| INVOKING Heroism.
  8409 | Lair:2   | 8409 ||| RETREATING.
  8426 | Lair:2   | Reached skill level 6 in Invocations
  8459 | Lair:2   | Found a staircase to the Shoals.
  8525 | Lair:2   | 8525 ||| Stepping ~*~*~tactically~*~*~ (retreating).
  8526 | Lair:2   | 8526 ||| Stepping ~*~*~tactically~*~*~ (retreating).
  8527 | Lair:2   | 8527 ||| STAIRDANCE
  8598 | Lair:2   | Noticed a four-headed hydra
  8599 | Lair:2   | 8599 ||| INVOKING Heroism.
  8605 | Lair:2   | Killed a four-headed hydra
  8606 | Lair:2   | Reached XP level 12. HP: 77/77 MP: 14/17
  8674 | Lair:2   | Noticed a catoblepas
  8675 | Lair:2   | 8675 ||| INVOKING Heroism.
  8683 | Lair:2   | Killed a catoblepas
  8684 | Lair:2   | Reached skill level 15 in Ranged Weapons
  8923 | Lair:2   | 8923 ||| INVOKING Heroism.
  9005 | Lair:2   | Noticed a six-headed hydra
  9006 | Lair:2   | 9006 ||| INVOKING Heroism.
  9014 | Lair:2   | Killed a six-headed hydra
  9130 | Lair:2   | 9130 ||| DROPPING amulet of guardian spirit.
  9172 | Lair:3   | Found a hole to the Spider Nest.
  9173 | Lair:3   | 9173 ||| INVOKING Heroism.
  9193 | Lair:3   | Identified the +1 shortbow "Mossoriu" {drain, rPois rN+
                  | Str+2 Int+3}
  9204 | Lair:3   | Noticed Snorg
  9214 | Lair:3   | Killed Snorg
  9257 | Lair:3   | 9257 ||| INVOKING Heroism.
  9269 | Lair:3   | You fall into a shaft and drop 2 floors!
  9269 | Lair:5   | Entered Level 5 of the Lair of Beasts
  9269 | Lair:5   | Noticed an eight-headed hydra
  9269 | Lair:5   | Noticed a catoblepas
  9271 | Lair:5   | Noticed a boulder beetle
  9275 | Lair:5   | Killed an eight-headed hydra
  9275 | Lair:5   | Noticed a boulder beetle
  9276 | Lair:5   | Noticed a catoblepas
  9276 | Lair:5   | 9276 ||| Stepping ~*~*~tactically~*~*~ (retreating).
  9277 | Lair:5   | 9277 ||| Stepping ~*~*~tactically~*~*~ (retreating).
  9285 | Lair:5   | HP: 14/77 [boulder beetle (15)]
  9286 | Lair:5   | 9286 ||| DRINKING potion of heal wounds.
  9290 | Lair:5   | Killed a catoblepas
  9292 | Lair:5   | 9292 ||| INVOKING Heroism.
  9300 | Lair:5   | HP: 11/77 [boulder beetle (12)]
  9301 | Lair:5   | HP: 5/77 [komodo dragon (8)]
  9302 | Lair:5   | Slain by a boulder beetle

Levels and vault maps discovered:
D:1:      wander_arrival_desolate, layout_basic
D:2:      layout_basic
D:3:      layout_basic, hellmonk_ecumenical_altar_arch_garden,
          gammafunk_ghost_arena, serial_bayou, serial_bayou_ford_a,
          serial_bayou_crossing, serial_bayou_lake_a, serial_bayou_shore_b,
          minmay_misc_feat_roman, uniq_grinder, uniq_pargi
D:4:      layout_basic, serial_shops, nicolae_shop_crystal, uniq_robin
D:5:      kennysheep_slugbush, layout_layer_cave
D:6:      layout_basic, mainiacjoe_overflow_alcove_1, nicolae_shop_unique_rings,
          uniq_edmund, uniq_prince_ribbit1, uniq_maggie
D:7:      layout_loops_corners, minmay_temple_entry_butterflies
D:8:      layout_basic, lair_entry_dummy
Temple:   mainiacjoe_temple_trianglar_array
Lair:1:   wad_woods_minihive, layout_misc_corridors, basic_altar,
          nicolae_lair_run_with_the_wolves
Lair:2:   layout_cave_pods, shoals_dummy_entry, lemuel_fruit_tree
Lair:3:   layout_concentric_octagons, spider_nest_entry_rubble, uniq_snorg
Lair:5:   evilmike_catoblepas_cave, layout_small_grid,
          minmay_slime_entry_pillars

Skill      XL: |  1  2  3  4  5  6  7  8  9 10 11 12 |
---------------+-------------------------------------+-----
Ranged Weapons | 5 6 8 10 11 13 14 15 | 15.1
Fighting       | 3 4 6 7 9 10 | 10.1
Armour         | 3 4 |  4.2
Dodging        | 2 3 4 5 |  5.0
Invocations    | 1 4 6 8 |  8.8
Stealth        | |  1.1

Action                     |  1- 3 |  4- 6 |  7- 9 | 10-12 || total
---------------------------+-------+-------+-------+-------++-------
   Fire: Shortbow          |    92 |   114 |       |       ||   206
         Arbalest          |       |    18 |   280 |   533 ||   831
 Invoke: Heroism           |       |       |       |    24 ||    24
    Use: Scroll            |     3 |     6 |     9 |     6 ||    24
         Potion            |     1 |     1 |     1 |     2 ||     5
 Armour: Leather armour    |    21 |       |       |       ||    21
         Ring mail         |       |    51 |       |       ||    51
         Troll leather arm |       |    37 |   162 |   520 ||   719
  Dodge: Dodged            |    19 |    90 |   156 |   655 ||   920

Table legend:
 A = Non-vault XP
 B = Vault XP
 C = Vault XP percentage of total XP
 D = Non-vault monster count
 E = Vault monster count
 F = Vault count percentage of total count
                 A         B        C        D         E       F
            +---------+---------+-------+---------+---------+-------
      Total |   18644 |    6770 |  26.6 |     207 |      66 |  24.2
            +---------+---------+-------+---------+---------+-------
        D:1 |      46 |       0 |   0.0 |      24 |       0 |   0.0
        D:2 |      39 |       0 |   0.0 |       9 |       0 |   0.0
        D:3 |      16 |     399 |  96.1 |       8 |       2 |  20.0
        D:4 |     208 |      33 |  13.7 |      20 |      11 |  35.5
        D:5 |     792 |      40 |   4.8 |      25 |      10 |  28.6
        D:6 |     817 |     793 |  49.3 |      19 |       3 |  13.6
        D:7 |    2216 |       0 |   0.0 |      36 |       0 |   0.0
        D:8 |     963 |       0 |   0.0 |      18 |       0 |   0.0
     Lair:1 |    6531 |    3465 |  34.7 |      32 |      37 |  53.6
     Lair:2 |    4942 |       0 |   0.0 |      13 |       0 |   0.0
     Lair:3 |     361 |    1530 |  80.9 |       1 |       2 |  66.7
     Lair:5 |    1713 |     510 |  22.9 |       2 |       1 |  33.3
            +---------+---------+-------+---------+---------+-------
